[Event "24th European Women Club Cup 2019"]
[Site "Ulcinj"]
[Date "2019.11.14"]
[Round "5.13"]
[White "Ushenina, Anna"]
[Black "Injac, Teodora"]
[Result "1/2-1/2"]
[ECO "E46"]
[WhiteElo "2439"]
[BlackElo "2257"]
[Annotator "RC"]
[PlyCount "134"]
[EventDate "2019.11.10"]
[EventType "team-tourn"]
[EventCountry "MNE"]
[SourceTitle "playchess.com"]
[Source "ChessBase"]
[SourceQuality "1"]
[WhiteTeam "Ugra"]
[BlackTeam "Jelica PEP"]
[TimeControl "40/5400+30:1800+30"]

1. d4 Nf6 2. c4 e6 3. Nc3 Bb4 4. e3 O-O 5. Nge2 d5 6. a3 Bd6 7. Ng3 c6 8. Be2 dxc4 9. Bxc4 e5 10. O-O exd4 11. exd4 Nbd7 12. Bb3 Nb6 13. Bc2 Re8 14. Qd3 h6 15. Nf5 Bxf5 16. Qxf5 Qc8 17. Qd3 Qg4 18. h3 Qe6 19. Qf3 Bc7 20. Bf5 Qd6 21. g3 Nbd5 22. Rd1 Re7 23. Bd2 Rae8 24. h4 Bb6 25. Qd3 Bc7 26. Re1 Rxe1+ 27. Bxe1 Bb6 28. Bh3 Nc7 29. Ne2 Ne6 30. Bc3 Nd5 31. Qc4 Nec7 32. a4 a5 33. Rd1 Qg6 34. Nc1 Qf6 35. Nb3 Qf3 36. Qd3 Qxd3 37. Rxd3 Nxc3 38. bxc3 Re1+ 39. Kg2 Nd5 40. Bc8 Re7 41. c4 Nb4 42. Rd2 Kf8 43. Kf1 Ke8 44. Bg4 Kd8 45. Bf3 Kc8 46. Be2 Kb8 47. Kg2 Re6 48. h5 Re7 49. Kf3 Re6 50. Kg4 Re4+ 51. Kf3 Re6 52. Kg2 Re7 53. Kf1 Re6 54. Ke1 Re7 55. Kd1 Re8 56. Kc1 Bd8 57. Kd1 Bg5 58. Rb2 b6 59. c5 Kc7 60. cxb6+ Kxb6 61. Bc4 f5 62. Re2 Rd8 63. f4 Bf6 64. Rd2 Re8 65. Re2 Rd8 66. Rd2 Re8 67. Re2 Rd8 1/2-1/2

[Event "24th European Women Club Cup 2019"]
[Site "Ulcinj"]
[Date "2019.11.14"]
[Round "5.14"]
[White "Velikic, Adela"]
[Black "Pogonina, Natalija"]
[Result "0-1"]
[ECO "C50"]
[WhiteElo "2275"]
[BlackElo "2479"]
[Annotator "ChessBase"]
[PlyCount "80"]
[EventDate "2019.11.10"]
[EventType "team-tourn"]
[EventCountry "MNE"]
[SourceTitle "playchess.com"]
[Source "ChessBase"]
[SourceQuality "1"]
[WhiteTeam "Jelica PEP"]
[BlackTeam "Ugra"]
[TimeControl "40/5400+30:1800+30"]

1. e4 e5 2. Nf3 Nc6 3. Bc4 Bc5 4. O-O Nf6 5. d3 d6 6. c3 a6 7. a4 Ba7 8. h3 O-O 9. Bg5 h6 10. Bh4 g5 11. Nxg5 hxg5 12. Bxg5 Kg7 13. Qf3 Kg6 14. Bh4 Rg8 15. Na3 Be6 16. Nc2 Nb8 17. Ne3 Nbd7 18. Nf5 Kh7 19. Kh1 Rg6 20. g4 Kh8 21. g5 Nh7 22. Rg1 Ndf8 23. Rg4 Qd7 24. Nh6 Bxg4 25. hxg4 Ne6 26. Qf5 Kg7 27. f4 exf4 28. Rf1 Be3 29. d4 Rd8 30. Qd5 Nhxg5 31. Nf5+ Kg8 32. Qxb7 Re8 33. Bxa6 Nd8 34. Bb5 Qe6 35. Qd5 c6 36. Bxc6 Nxc6 37. Qxc6 Nxe4 38. d5 Qe5 39. Nxe3 fxe3 40. Rf5 Nf2+ 0-1

[Event "24th European Women Club Cup 2019"]
[Site "Ulcinj"]
[Date "2019.11.14"]
[Round "5.15"]
[White "Girya, Olga"]
[Black "Eric, Jovana"]
[Result "1-0"]
[ECO "A40"]
[WhiteElo "2476"]
[BlackElo "2314"]
[Annotator "ChessBase"]
[PlyCount "73"]
[EventDate "2019.11.10"]
[EventType "team-tourn"]
[EventCountry "MNE"]
[SourceTitle "playchess.com"]
[Source "ChessBase"]
[SourceQuality "1"]
[WhiteTeam "Ugra"]
[BlackTeam "Jelica PEP"]
[TimeControl "40/5400+30:1800+30"]

1. d4 e6 2. c4 f5 3. Nf3 Nf6 4. g3 Be7 5. Nc3 d5 6. Bf4 c6 7. e3 O-O 8. Rc1 Ne4 9. h4 Nd7 10. Be2 Ndf6 11. Ne5 Nd6 12. a3 dxc4 13. Nxc4 Nxc4 14. Bxc4 Nd5 15. Be5 Bf6 16. Bxf6 Qxf6 17. O-O Kh8 18. Qb3 Nb6 19. Ne2 e5 20. dxe5 Qxe5 21. Nf4 Bd7 22. Rfd1 Rad8 23. Be6 Bc8 24. Bxc8 Rxc8 25. Ne6 Rfe8 26. Ng5 Qe7 27. Nf7+ Kg8 28. Nd6+ Kh8 29. Nxc8 Rxc8 30. a4 Rf8 31. a5 Nd5 32. a6 bxa6 33. Rxc6 Nb4 34. Rcd6 a5 35. Rd7 Qc5 36. Rd8 Nc6 37. Qc3 1-0

[Event "24th European Women Club Cup 2019"]
[Site "Ulcinj"]
[Date "2019.11.14"]
[Round "5.19"]
[White "Zimina, Olga"]
[Black "Djukic, Sandra"]
[Result "1-0"]
[ECO "A06"]
[WhiteElo "2406"]
[BlackElo "2148"]
[Annotator "NA"]
[PlyCount "77"]
[EventDate "2019.11.10"]
[EventType "team-tourn"]
[EventCountry "MNE"]
[SourceTitle "playchess.com"]
[Source "ChessBase"]
[SourceQuality "1"]
[WhiteTeam "Pentole Agnelli"]
[BlackTeam "Asseco SEE"]
[TimeControl "40/5400+30:1800+30"]

1. Nf3 d5 2. g3 Nf6 3. Bg2 e6 4. O-O Be7 5. d4 O-O 6. c4 dxc4 7. Qc2 b5 8. a4 c6 9. b3 cxb3 10. Qxb3 b4 11. Ne5 a5 12. Bb2 Ba6 13. Re1 Nd5 14. e4 Nb6 15. Nd2 c5 16. d5 Ra7 17. Rad1 exd5 18. exd5 Bf6 19. Qc2 c4 20. Bd4 Re7 21. f4 b3 22. Qf5 Bc8 23. Qh5 g6 24. Qh6 N8d7 25. Ne4 Bg7 26. Qxg7+ Kxg7 27. Nc6+ Kh6 28. g4 g5 29. fxg5+ Kg6 30. h4 Re5 31. h5+ Kg7 32. h6+ Kg6 33. Bxe5 Qe8 34. Nd6 Nxe5 35. Nxe5+ Qxe5 36. Rxe5 Bxg4 37. Rf1 c3 38. Be4+ f5 39. gxf6+ 1-0

[Event "24th European Women Club Cup 2019"]
[Site "Ulcinj"]
[Date "2019.11.14"]
[Round "5.20"]
[White "Manova, Ivana"]
[Black "Tomilova, Elena"]
[Result "1/2-1/2"]
[ECO "B24"]
[WhiteElo "1795"]
[BlackElo "2345"]
[Annotator "NA"]
[PlyCount "72"]
[EventDate "2019.11.10"]
[EventType "team-tourn"]
[EventCountry "MNE"]
[SourceTitle "playchess.com"]
[Source "ChessBase"]
[SourceQuality "1"]
[WhiteTeam "Asseco SEE"]
[BlackTeam "Pentole Agnelli"]
[TimeControl "40/5400+30:1800+30"]

1. e4 c5 2. Nc3 Nc6 3. Bb5 Nd4 4. Bc4 e6 5. Nge2 Ne7 6. O-O a6 7. a4 g6 8. d3 Bg7 9. Nxd4 cxd4 10. Ne2 O-O 11. Bg5 h6 12. Bf4 d5 13. Bb3 e5 14. Bg3 g5 15. c3 dxc3 16. Nxc3 d4 17. Nd5 Be6 18. Nxe7+ Qxe7 19. Bxe6 Qxe6 20. Qd2 Rfc8 21. Rfc1 Rc6 22. f3 Rac8 23. Be1 Bf8 24. Rxc6 Rxc6 25. Rc1 Rxc1 26. Qxc1 Qb3 27. h4 Qxd3 28. hxg5 h5 29. Bg3 Qe2 30. Bxe5 d3 31. Bf4 Bc5+ 32. Qxc5 Qe1+ 33. Kh2 Qh4+ 34. Kg1 Qe1+ 35. Kh2 Qh4+ 36. Kg1 Qe1+ 1/2-1/2

[Event "24th European Women Club Cup 2019"]
[Site "Ulcinj"]
[Date "2019.11.14"]
[Round "5.21"]
[White "Bodnaruk, Anastasia"]
[Black "Len, Irina"]
[Result "1-0"]
[ECO "B01"]
[WhiteElo "2412"]
[BlackElo "2036"]
[Annotator "NA"]
[PlyCount "62"]
[EventDate "2019.11.10"]
[EventType "team-tourn"]
[EventCountry "MNE"]
[SourceTitle "playchess.com"]
[Source "ChessBase"]
[SourceQuality "1"]
[WhiteTeam "SPB"]
[BlackTeam "Hertzeliya"]
[TimeControl "40/5400+30:1800+30"]

1. e4 d5 2. exd5 Qxd5 3. Nc3 Qd8 4. d4 Nf6 5. Nf3 a6 6. Ne5 e6 7. Be3 Nbd7 8. f4 Bb4 9. Bd3 Nd5 10. Bd2 Nxe5 11. dxe5 Nxc3 12. Bxc3 Bxc3+ 13. bxc3 Qd5 14. O-O Bd7 15. Kh1 Bc6 16. Qe2 h5 17. Qf2 h4 18. h3 g6 19. c4 Qa5 20. a4 O-O-O 21. Rab1 Qc3 22. a5 Qxa5 23. Qa7 Qd2 24. Rg1 Qxf4 25. Rbd1 Qg3 26. Be4 Bd5 27. cxd5 Qxe5 28. d6 Rxd6 29. Rxd6 c6 30. Rgd1 Qxe4 31. Rd7 Qf5 1-0

[Event "24th European Women Club Cup 2019"]
[Site "Ulcinj"]
[Date "2019.11.14"]
[Round "5.22"]
[White "Haitovich, Avital"]
[Black "Ovod, Evgenija"]
[Result "0-1"]
[ECO "A04"]
[WhiteElo "1998"]
[BlackElo "2347"]
[Annotator "NA"]
[PlyCount "72"]
[EventDate "2019.11.10"]
[EventType "team-tourn"]
[EventCountry "MNE"]
[SourceTitle "playchess.com"]
[Source "ChessBase"]
[SourceQuality "1"]
[WhiteTeam "Hertzeliya"]
[BlackTeam "SPB"]
[TimeControl "40/5400+30:1800+30"]

1. Nf3 c5 2. g3 b6 3. Bg2 Bb7 4. O-O Nf6 5. d3 d5 6. Nbd2 e6 7. Re1 Be7 8. c3 O-O 9. Qc2 Nc6 10. e4 h6 11. Nf1 b5 12. e5 Nd7 13. h4 d4 14. N1h2 Nb6 15. h5 Rc8 16. Ng4 c4 17. dxc4 d3 18. Qd1 bxc4 19. Qd2 Re8 20. Re4 Bf8 21. Ne3 Ne7 22. Rd4 Qc7 23. b3 Nf5 24. Nxf5 exf5 25. bxc4 Be4 26. Nh4 Qxe5 27. Bxe4 fxe4 28. a4 Bc5 29. a5 Bxd4 30. cxd4 Qxd4 31. Bb2 Nxc4 32. Bxd4 Nxd2 33. Bxa7 Nb3 34. Rd1 d2 35. Ng2 e3 36. Nxe3 Rc1 0-1

[Event "24th European Women Club Cup 2019"]
[Site "Ulcinj"]
[Date "2019.11.14"]
[Round "5.23"]
[White "Styazhkina, Anna"]
[Black "Yakovleva, Tatiana"]
[Result "1-0"]
[ECO "B12"]
[WhiteElo "2280"]
[BlackElo "1942"]
[Annotator "NA"]
[PlyCount "79"]
[EventDate "2019.11.10"]
[EventType "team-tourn"]
[EventCountry "MNE"]
[SourceTitle "playchess.com"]
[Source "ChessBase"]
[SourceQuality "1"]
[WhiteTeam "SPB"]
[BlackTeam "Hertzeliya"]
[TimeControl "40/5400+30:1800+30"]

1. e4 c6 2. d4 d5 3. e5 Bf5 4. h4 h5 5. c4 dxc4 6. Bxc4 e6 7. Nc3 Nd7 8. Nge2 Be7 9. Ng3 Bg4 10. Be2 Bxe2 11. Qxe2 g6 12. Nge4 Nb6 13. Qd3 Nh6 14. Bg5 Nf5 15. Nf6+ Kf8 16. Rd1 Nd7 17. Nce4 Nxf6 18. exf6 Bb4+ 19. Kf1 Qd5 20. a3 Ba5 21. Nc5 b5 22. Rh3 Bc7 23. Qb3 Rd8 24. Qxd5 Rxd5 25. Nb3 e5 26. Rc3 Rd6 27. d5 Ke8 28. Rxc6 Kd8 29. Nc5 Rxc6 30. dxc6+ Kc8 31. Rd7 Rf8 32. g3 Nd4 33. Bh6 Rd8 34. Rxf7 Bd6 35. Nb7 Nxc6 36. Nxd8 Kxd8 37. Rh7 Nd4 38. Rh8+ Kd7 39. f7 Ne6 40. f8=Q 1-0

[Event "24th European Women Club Cup 2019"]
[Site "Ulcinj"]
[Date "2019.11.14"]
[Round "5.24"]
[White "Lian, Marina"]
[Black "Balaian, Alina"]
[Result "1-0"]
[ECO "C06"]
[WhiteElo "1855"]
[BlackElo "2260"]
[Annotator "NA"]
[PlyCount "112"]
[EventDate "2019.11.10"]
[EventType "team-tourn"]
[EventCountry "MNE"]
[SourceTitle "playchess.com"]
[Source "ChessBase"]
[SourceQuality "1"]
[WhiteTeam "Hertzeliya"]
[BlackTeam "SPB"]
[TimeControl "40/5400+30:1800+30"]

1. e4 e6 2. d4 d5 3. Nd2 Nf6 4. e5 Nfd7 5. Bd3 c5 6. c3 Nc6 7. Ne2 cxd4 8. cxd4 f6 9. exf6 Nxf6 10. O-O Bd6 11. Nf3 Qc7 12. Ng3 O-O 13. Bg5 g6 14. Rc1 Qg7 15. Qd2 Ng4 16. h3 Nxd4 17. Nxd4 Bxg3 18. Nf3 Rxf3 19. gxf3 Nxf2 20. Rxf2 Bxf2+ 21. Qxf2 e5 22. Qc5 Be6 23. Qe7 Qxe7 24. Bxe7 Rc8 25. Rxc8+ Bxc8 26. h4 Kf7 27. Bg5 Bd7 28. Kf2 Be6 29. Ke2 Kg7 30. Kd2 Bh3 31. Kc3 Bg2 32. Be2 Bh3 33. Kb4 Kf7 34. Kc5 Ke6 35. a4 Bf5 36. a5 Bc2 37. b4 Ba4 38. b5 e4 39. fxe4 dxe4 40. Be3 Kd7 41. Kd5 Bc2 42. Bxa7 h6 43. Be3 g5 44. hxg5 hxg5 45. Bxg5 e3 46. Bxe3 Be4+ 47. Kc5 Kc8 48. Bc4 Kb8 49. Bd5 Bxd5 50. Kxd5 Ka8 51. Kc5 Kb8 52. b6 Ka8 53. Kb5 Kb8 54. a6 Ka8 55. axb7+ Kb8 56. Bf4+ Kxb7 1-0

[Event "24th European Women Club Cup 2019"]
[Site "Ulcinj"]
[Date "2019.11.14"]
[Round "5.25"]
[White "Rapport, Jovana"]
[Black "Lahav, Michal"]
[Result "1/2-1/2"]
[ECO "A45"]
[WhiteElo "2379"]
[BlackElo "2221"]
[Annotator "NA"]
[PlyCount "69"]
[EventDate "2019.11.10"]
[EventType "team-tourn"]
[EventCountry "MNE"]
[SourceTitle "playchess.com"]
[Source "ChessBase"]
[SourceQuality "1"]
[WhiteTeam "MNE Woman Chess"]
[BlackTeam "Rishon Lezion"]
[TimeControl "40/5400+30:1800+30"]

1. d4 Nf6 2. Nc3 d5 3. Bf4 c6 4. e3 g6 5. Be2 Bg7 6. Nf3 O-O 7. Ne5 Nbd7 8. O-O Nxe5 9. Bxe5 b5 10. a4 b4 11. Na2 a5 12. Nc1 Ba6 13. Bd3 Nd7 14. Bxg7 Kxg7 15. Nb3 Qb6 16. Qg4 e6 17. Rfe1 Kg8 18. e4 dxe4 19. Qxe4 c5 20. dxc5 Nxc5 21. Qd4 Bxd3 22. cxd3 Rac8 23. Qe3 Rfd8 24. Red1 Rc6 25. Nc1 Rcd6 26. d4 Qc6 27. Ne2 Nxa4 28. Rdc1 Qb5 29. h4 Rd5 30. Nf4 Rxd4 31. Nxe6 fxe6 32. Qxe6+ Kg7 33. Qe7+ Kg8 34. Qe6+ Kg7 35. Qe7+ 1/2-1/2

[Event "24th European Women Club Cup 2019"]
[Site "Ulcinj"]
[Date "2019.11.14"]
[Round "5.26"]
[White "Reprun, Nadejda"]
[Black "Koljevic, Nikolina"]
[Result "1/2-1/2"]
[ECO "B33"]
[WhiteElo "1989"]
[BlackElo "1902"]
[Annotator "NA"]
[PlyCount "65"]
[EventDate "2019.11.10"]
[EventType "team-tourn"]
[EventCountry "MNE"]
[SourceTitle "playchess.com"]
[Source "ChessBase"]
[SourceQuality "1"]
[WhiteTeam "Rishon Lezion"]
[BlackTeam "MNE Woman Chess"]
[TimeControl "40/5400+30:1800+30"]

1. e4 c5 2. Nf3 Nc6 3. d4 cxd4 4. Nxd4 Nf6 5. Nc3 e6 6. Ndb5 Bc5 7. Be2 O-O 8. O-O a6 9. Nd6 Qc7 10. Nxc8 Raxc8 11. Kh1 Nd4 12. Bd3 h5 13. f4 Nb5 14. Bd2 Nxc3 15. bxc3 Ng4 16. Qe2 Qb6 17. h3 Nf2+ 18. Kh2 g6 19. Rab1 Qa7 20. Be1 Nxd3 21. cxd3 d5 22. Bh4 Rce8 23. Bf6 dxe4 24. Qxe4 b5 25. c4 Be7 26. Bc3 Qc5 27. Bb4 Qf5 28. Qxf5 exf5 29. cxb5 Bxb4 30. Rxb4 axb5 31. Rxb5 Re2 32. a4 h4 33. Rfb1 1/2-1/2

[Event "24th European Women Club Cup 2019"]
[Site "Ulcinj"]
[Date "2019.11.14"]
[Round "5.27"]
[White "Rakic, Tijana"]
[Black "Federovski, Adi"]
[Result "0-1"]
[ECO "B32"]
[WhiteElo "1680"]
[BlackElo "2005"]
[Annotator "NA"]
[PlyCount "58"]
[EventDate "2019.11.10"]
[EventType "team-tourn"]
[EventCountry "MNE"]
[SourceTitle "playchess.com"]
[Source "ChessBase"]
[SourceQuality "1"]
[WhiteTeam "MNE Woman Chess"]
[BlackTeam "Rishon Lezion"]
[TimeControl "40/5400+30:1800+30"]

1. e4 c5 2. Nf3 Nc6 3. d4 cxd4 4. Nxd4 e5 5. Nb5 d6 6. N1c3 a6 7. Na3 Be6 8. Nc4 b5 9. Ne3 Nf6 10. g3 g6 11. Bg2 Bg7 12. O-O O-O 13. Ned5 Nd7 14. a3 Rc8 15. Be3 Nd4 16. f4 Bxd5 17. Nxd5 Nxc2 18. Rc1 Nxe3 19. Rxc8 Qxc8 20. Nxe3 Qc5 21. Qd2 exf4 22. gxf4 Bxb2 23. Qxb2 Qxe3+ 24. Kh1 Nc5 25. Qa1 Nxe4 26. Re1 Nf2+ 27. Kg1 Nh3+ 28. Kh1 Qg1+ 29. Rxg1 Nf2# 0-1

[Event "24th European Women Club Cup 2019"]
[Site "Ulcinj"]
[Date "2019.11.14"]
[Round "5.28"]
[White "Vardi, Shlomit"]
[Black "Radosevic, Nevena"]
[Result "1-0"]
[ECO "B23"]
[WhiteElo "1935"]
[BlackElo "1706"]
[Annotator "NA"]
[PlyCount "51"]
[EventDate "2019.11.10"]
[EventType "team-tourn"]
[EventCountry "MNE"]
[SourceTitle "playchess.com"]
[Source "ChessBase"]
[SourceQuality "1"]
[WhiteTeam "Rishon Lezion"]
[TimeControl "40/5400+30:1800+30"]

1. e4 c5 2. Nc3 d6 3. g3 Nc6 4. Bg2 g6 5. Nge2 Bg7 6. d3 e6 7. O-O Nge7 8. a3 O-O 9. Rb1 a6 10. b4 b5 11. Be3 cxb4 12. axb4 Qc7 13. Qd2 Bb7 14. Bh6 e5 15. Bxg7 Kxg7 16. d4 Nc8 17. Nd5 Qd8 18. f4 f6 19. fxe5 dxe5 20. dxe5 Nxe5 21. Nef4 Re8 22. Qc3 Bxd5 23. Nxd5 Re6 24. Rxf6 Qd6 25. Rxe6 Qxe6 26. Nc7 1-0

[Event "24th European Women Club Cup 2019"]
[Site "Ulcinj"]
[Date "2019.11.15"]
[Round "6.1"]
[White "Dzagnidze, Nana"]
[Black "Muzychuk, Mariya"]
[Result "1/2-1/2"]
[ECO "A30"]
[WhiteElo "2502"]
[BlackElo "2552"]
[Annotator "ChessBase"]
[PlyCount "92"]
[EventDate "2019.11.10"]
[EventType "team-tourn"]
[EventCountry "MNE"]
[SourceTitle "playchess.com"]
[Source "ChessBase"]
[SourceQuality "1"]
[WhiteTeam "Nona"]
[BlackTeam "Kyiv"]
[TimeControl "40/5400+30:1800+30"]

1. c4 c5 2. Nf3 Nc6 3. b3 Nf6 4. Bb2 g6 5. g3 Bg7 6. Bg2 d6 7. O-O O-O 8. e3 e5 9. Nc3 Bf5 10. d4 exd4 11. exd4 Ne4 12. Nd5 Ng5 13. Ne3 Bd7 14. Rb1 Nxf3+ 15. Bxf3 Nxd4 16. Bxb7 Rb8 17. Bd5 Qa5 18. Nc2 Qxa2 19. Nxd4 cxd4 20. Bxd4 Bxd4 21. Qxd4 Rxb3 22. Rxb3 Qxb3 23. Qxa7 Be6 24. Bxe6 fxe6 25. Qd4 Rc8 26. Qxd6 Qxc4 27. Re1 Qd5 28. Qxe6+ Qxe6 29. Rxe6 Kf7 30. Ra6 h5 31. Kg2 Rc2 32. Kf3 Kg7 33. Ra3 Kf6 34. h3 Rb2 35. Ke3 Rb1 36. Ra6+ Kf5 37. Ra5+ Kf6 38. Rd5 h4 39. Rd6+ Kf7 40. gxh4 Rh1 41. Kf4 Rxh3 42. Kg5 Rf3 43. Rd7+ Kg8 44. Kxg6 Rxf2 45. Rd8+ Rf8 46. Rxf8+ Kxf8 1/2-1/2

[Event "24th European Women Club Cup 2019"]
[Site "Ulcinj"]
[Date "2019.11.15"]
[Round "6.2"]
[White "Muzychuk, Anna"]
[Black "Javakhishvili, Lela"]
[Result "1/2-1/2"]
[ECO "B42"]
[WhiteElo "2543"]
[BlackElo "2457"]
[Annotator "ChessBase"]
[PlyCount "45"]
[EventDate "2019.11.10"]
[EventType "team-tourn"]
[EventCountry "MNE"]
[SourceTitle "playchess.com"]
[Source "ChessBase"]
[SourceQuality "1"]
[WhiteTeam "Kyiv"]
[BlackTeam "Nona"]
[TimeControl "40/5400+30:1800+30"]

1. e4 c5 2. Nf3 e6 3. d4 cxd4 4. Nxd4 a6 5. Bd3 Bc5 6. Nb3 Be7 7. O-O d6 8. c4 Nf6 9. Nc3 O-O 10. f4 Nc6 11. Be3 b6 12. Qf3 Bb7 13. Rad1 Qc7 14. Qh3 Rfe8 15. g4 g6 16. g5 Nd7 17. Rf3 Bf8 18. Qh4 Bg7 19. Rh3 Nf8 20. Qf2 Nd7 21. Qh4 Nf8 22. Qf2 Nd7 23. Qh4 1/2-1/2

[Event "24th European Women Club Cup 2019"]
[Site "Ulcinj"]
[Date "2019.11.15"]
[Round "6.3"]
[White "Batsiashvili, Nino"]
[Black "Abdumalik, Zhansaya"]
[Result "1-0"]
[ECO "A34"]
[WhiteElo "2422"]
[BlackElo "2472"]
[Annotator "ChessBase"]
[PlyCount "171"]
[EventDate "2019.11.10"]
[EventType "team-tourn"]
[EventCountry "MNE"]
[SourceTitle "playchess.com"]
[Source "ChessBase"]
[SourceQuality "1"]
[WhiteTeam "Nona"]
[BlackTeam "Kyiv"]
[TimeControl "40/5400+30:1800+30"]

1. Nf3 Nf6 2. c4 c5 3. Nc3 d5 4. cxd5 Nxd5 5. e3 Nxc3 6. dxc3 Qc7 7. e4 Nc6 8. Be3 e6 9. Nd2 Be7 10. f4 b6 11. Bd3 O-O 12. e5 Rd8 13. Qe2 Bb7 14. O-O Bf8 15. Rf3 h6 16. Ne4 Ne7 17. Bf2 Nf5 18. Re1 Bd5 19. Bb1 c4 20. Qc2 h5 21. Rh3 Bxe4 22. Qxe4 g6 23. Qe2 Bc5 24. Rf3 b5 25. h3 Qb6 26. Bxc5 Qxc5+ 27. Kh2 Kg7 28. Bxf5 exf5 29. e6 Re8 30. Re3 Qd6 31. e7 Qxf4+ 32. Kh1 a6 33. Qd1 Qh4 34. Qd7 Qf6 35. a4 f4 36. Rf3 bxa4 37. Re4 g5 38. h4 Qg6 39. Qd4+ Kg8 40. hxg5 Rab8 41. Rfxf4 Rxb2 42. Qxc4 Rb7 43. Rf6 Qg7 44. Qc5 a3 45. Rxa6 a2 46. Rxa2 Qg6 47. Rae2 Rb1+ 48. Kh2 Qa6 49. Qe5 Rb6 50. Qf5 Qb7 51. c4 Qc7+ 52. Kh3 Rb3+ 53. R2e3 Rb1 54. g3 Rb6 55. c5 Rc6 56. Re5 Qb7 57. Re1 Qa7 58. R1e2 Qc7 59. Re1 Qa7 60. Qd3 Qc7 61. Qd5 Rg6 62. Rd1 Kg7 63. Rde1 Kg8 64. Kg2 Ra6 65. R1e2 Rg6 66. Rd2 Kg7 67. Qe4 Ra6 68. Qd4 Kh7 69. Rf2 Qc6+ 70. Kh2 Kg8 71. Qf4 Qg6 72. Qe4 Kg7 73. Qxg6+ Kxg6 74. Kh3 Ra7 75. Rf6+ Kg7 76. Kh4 Rexe7 77. Rxe7 Rxe7 78. Kxh5 Re3 79. Kg4 Rc3 80. c6 Rc4+ 81. Kf5 Rc5+ 82. Kf4 Rc3 83. Ke5 Rxg3 84. c7 Rc3 85. Kd6 Kf8 86. Kd7 1-0

[Event "24th European Women Club Cup 2019"]
[Site "Ulcinj"]
[Date "2019.11.15"]
[Round "6.4"]
[White "Osmak, Iulija"]
[Black "Khotenashvili, Bela"]
[Result "0-1"]
[ECO "C72"]
[WhiteElo "2401"]
[BlackElo "2446"]
[Annotator "NA"]
[PlyCount "102"]
[EventDate "2019.11.10"]
[EventType "team-tourn"]
[EventCountry "MNE"]
[SourceTitle "playchess.com"]
[Source "ChessBase"]
[SourceQuality "1"]
[WhiteTeam "Kyiv"]
[BlackTeam "Nona"]
[TimeControl "40/5400+30:1800+30"]

1. e4 e5 2. Nf3 Nc6 3. Bb5 a6 4. Ba4 d6 5. O-O Bd7 6. c4 Nf6 7. Nc3 Be7 8. d3 O-O 9. h3 Nd4 10. Nxd4 Bxa4 11. Qxa4 exd4 12. Ne2 c5 13. Nf4 b5 14. cxb5 Qd7 15. Qc2 axb5 16. b3 Rfc8 17. Bb2 Bf8 18. a3 Ra6 19. Rae1 Re8 20. Re2 Re5 21. Ree1 d5 22. exd5 Rf5 23. Ne2 Nxd5 24. Ng3 Rg5 25. Bc1 Rgg6 26. Re5 Rae6 27. Rxe6 Qxe6 28. Kh1 Qc6 29. Bd2 Bd6 30. Ne4 h6 31. Rg1 Be7 32. Qd1 c4 33. bxc4 bxc4 34. dxc4 Nb6 35. c5 Nc4 36. Qf3 Re6 37. Qd3 Qd5 38. f3 Nxd2 39. Qxd2 f5 40. Nf2 Bxc5 41. Nd3 Bd6 42. Nf4 Bxf4 43. Qxf4 d3 44. Rd1 Re2 45. a4 d2 46. Kh2 Qd3 47. a5 Rxg2+ 48. Kxg2 Qe2+ 49. Kg3 Qxd1 50. Qc4+ Kh7 51. Qd3 Qg1+ 0-1

[Event "24th European Women Club Cup 2019"]
[Site "Ulcinj"]
[Date "2019.11.15"]
[Round "6.5"]
[White "Mammadzada, Gunay"]
[Black "Koneru, Humpy"]
[Result "1-0"]
[ECO "E04"]
[WhiteElo "2427"]
[BlackElo "2577"]
[Annotator "ChessBase"]
[PlyCount "89"]
[EventDate "2019.11.10"]
[EventType "team-tourn"]
[EventCountry "MNE"]
[SourceTitle "playchess.com"]
[Source "ChessBase"]
[SourceQuality "1"]
[WhiteTeam "Odlar Yurdu"]
[BlackTeam "Cercle d`Echecs"]
[TimeControl "40/5400+30:1800+30"]

1. d4 Nf6 2. c4 e6 3. g3 d5 4. Bg2 dxc4 5. Nf3 a6 6. O-O Nc6 7. e3 Bd7 8. Qe2 Bd6 9. Qxc4 O-O 10. Rd1 Qe7 11. Qe2 e5 12. dxe5 Bxe5 13. Nxe5 Nxe5 14. Nc3 Rad8 15. e4 Bg4 16. f3 Rxd1+ 17. Nxd1 Be6 18. Nf2 Rd8 19. b3 c5 20. Bb2 Nc6 21. e5 Bd5 22. Re1 Ne8 23. f4 Bxg2 24. Kxg2 Qe6 25. Rd1 Nc7 26. Rxd8+ Nxd8 27. Qd3 Qd5+ 28. Qxd5 Nxd5 29. Kf3 Kf8 30. Ke4 Nc7 31. f5 Nc6 32. Nd3 b6 33. Nf4 Ke7 34. g4 f6 35. Nh5 Ne8 36. Nxg7 Nxe5 37. Nxe8 Nxg4 38. Nc7 Kd6 39. Ne8+ Ke7 40. Nc7 Kd6 41. Ne6 Nxh2 42. Bxf6 Ng4 43. Bh4 b5 44. Bg3+ Kc6 45. Be5 {[%emt 0:00:58] Kd5+} 1-0

[Event "24th European Women Club Cup 2019"]
[Site "Ulcinj"]
[Date "2019.11.15"]
[Round "6.7"]
[White "Mammadova, Gulnar"]
[Black "Socko, Monika"]
[Result "1/2-1/2"]
[ECO "B20"]
[WhiteElo "2369"]
[BlackElo "2417"]
[Annotator "NA"]
[PlyCount "136"]
[EventDate "2019.11.10"]
[EventType "team-tourn"]
[EventCountry "MNE"]
[SourceTitle "playchess.com"]
[Source "ChessBase"]
[SourceQuality "1"]
[WhiteTeam "Odlar Yurdu"]
[BlackTeam "Cercle d`Echecs"]
[TimeControl "40/5400+30:1800+30"]

1. e4 c5 2. b3 g6 3. Bb2 Nf6 4. Nc3 Nc6 5. f4 d6 6. Bb5 Bg7 7. Qe2 Bd7 8. Bxc6 Bxc6 9. O-O-O O-O 10. Nf3 b5 11. e5 Nh5 12. Qe3 Qd7 13. Ne2 a5 14. d4 cxd4 15. Nexd4 Rac8 16. Rhg1 Bxf3 17. Nxf3 Qf5 18. Rd2 Nxf4 19. exd6 exd6 20. g4 Bxb2+ 21. Kxb2 Qf6+ 22. Qd4 Qxd4+ 23. Nxd4 Rc5 24. Rf1 Nd5 25. Rf3 Nc7 26. Ne2 Re8 27. Nf4 d5 28. Rfd3 Re5 29. Rf3 Re4 30. Nd3 Rc6 31. Rdf2 Re7 32. h4 b4 33. h5 Nb5 34. h6 Rce6 35. Rf6 Nc3 36. Rxe6 fxe6 37. Rf6 Ne4 38. Rf1 Rf7 39. Re1 g5 40. a3 bxa3+ 41. Kxa3 Rf6 42. Ka4 Rxh6 43. Kxa5 Rh2 44. Rc1 Rg2 45. b4 Rxg4 46. b5 Nd6 47. b6 h5 48. Nc5 h4 49. Nxe6 Rg2 50. Kb4 Kf7 51. Nd4 h3 52. Kc5 h2 53. Rh1 Nb7+ 54. Kc6 Na5+ 55. Kb5 Nc4 56. Nf3 Rxc2 57. Nxg5+ Ke7 58. Nf3 Nd6+ 59. Kb4 Rf2 60. Nxh2 Kd7 61. Kc5 Rd2 62. Nf3 Nb7+ 63. Kb4 Rb2+ 64. Kc3 Rxb6 65. Kd4 Rd6 66. Rh7+ Kc6 67. Ne5+ Kb6 68. Rd7 Rxd7 1/2-1/2

[Event "24th European Women Club Cup 2019"]
[Site "Ulcinj"]
[Date "2019.11.15"]
[Round "6.8"]
[White "Skripchenko, Almira"]
[Black "Balajayeva, Khanim"]
[Result "1/2-1/2"]
[ECO "B17"]
[WhiteElo "2403"]
[BlackElo "2368"]
[Annotator "NA"]
[PlyCount "36"]
[EventDate "2019.11.10"]
[EventType "team-tourn"]
[EventCountry "MNE"]
[SourceTitle "playchess.com"]
[Source "ChessBase"]
[SourceQuality "1"]
[WhiteTeam "Cercle d`Echecs"]
[BlackTeam "Odlar Yurdu"]
[TimeControl "40/5400+30:1800+30"]

1. e4 c6 2. d4 d5 3. Nd2 dxe4 4. Nxe4 Nd7 5. Bc4 Ngf6 6. Nxf6+ Nxf6 7. c3 Qc7 8. Ne2 e6 9. Bf4 Bd6 10. Bxd6 Qxd6 11. Qd2 O-O 12. Qe3 Re8 13. Qe5 Qe7 14. Rd1 Nd7 15. Qc7 Nf6 16. Qe5 Nd7 17. Qc7 Nf6 18. Qe5 Nd7 1/2-1/2